 Dungeon Crawl Stone Soup version 0.19.0-11-g3fc08b3 (webtiles) character file.

306432 CountDeLaPain the Hoplite (level 20, -7/189 HPs)
             Began as a Minotaur Fighter on Nov 7, 2016.
             Was the Champion of Okawaru.
             Killed from afar by a raiju (8 damage)
             ... with a living lightning
             ... on level 5 of the Abyss on Nov 9, 2016.
             The game lasted 03:56:40 (57119 turns).

CountDeLaPain the Hoplite (Minotaur Fighter)       Turns: 57119, Time: 03:56:41

Health: -7/189     AC: 25    Str: 21    XL:     20   Next: 30%
Magic:  25/25      EV:  7    Int:  8    God:    Okawaru [******]
Gold:   2561       SH: 24    Dex: 16    Spells: 0 memorised, 19 levels left

rFire  + + .     SeeInvis +     X - +5 demon whip (flame)
rCold  . . .     Gourm    .     u - +1 crystal plate armour
rNeg   . . .     Faith    .     P - +0 large shield
rPois  +         Spirit   .     Z - +0 hat {SInv}
rElec  .         Reflect  .     T - +1 cloak
rCorr  .         Harm     .     m - +0 pair of gloves
MR     +....     Rnd*Rage +     k - +0 pair of boots
Stlth  ..........               t - amulet of the Bouncing Lives {+Rage rPois Dex+4}
                                F - ring of protection from fire
                                z - ring of protection from fire

@: exhausted, about to teleport, non-regenerating, mildly diseased
A: retaliatory headbutt, horns 2, berserk 2, deformed body, screaming 2, weak 2,
no device heal 1
a: Heroism, Finesse, Renounce Religion, Evoke Berserk Rage
}: 2/15 runes: serpentine, barnacled


You were on level 5 of the Abyss.
You worshipped Okawaru.
Okawaru was exalted by your worship.
You were full.

You visited 6 branches of the dungeon, and saw 34 of its levels.
You visited the Abyss 1 time.

You collected 3307 gold pieces.
You spent 746 gold pieces at shops.

Inventory:

Hand Weapons
 X - a +5 demon whip of flaming (weapon)
Armour
 k - a +0 pair of boots (worn)
 m - a +0 pair of gloves (worn)
 u - a +1 crystal plate armour (worn)
 J - the -1 cloak "Vufuz" {rF++}
   (Okawaru gifted it to you on level 6 of the Lair of Beasts)

   It greatly protects you from fire.
 P - a +0 large shield (worn)
 T - a +1 cloak (worn)
 Z - a +0 hat of see invisible (worn)
Rods
 A - a -2 rod of shadows (11/11)
   (You took it off an orc warrior on level 13 of the Dungeon)
Jewellery
 p - an uncursed amulet of guardian spirit
 t - the amulet of the Bouncing Lives (around neck) {+Rage rPois Dex+4}
   (You acquired it on level 13 of the Dungeon)

   [amulet of rage]

   It affects your dexterity (+4).
   It protects you from poison.
   It lets you go berserk.
 y - a +5 ring of evasion
 z - a ring of protection from fire (left hand)
 F - a ring of protection from fire (right hand)
 G - an uncursed ring of protection from cold
 N - a +3 ring of protection
 R - an uncursed ring of flight
Wands
 a - a wand of random effects (29/48)
 b - a wand of teleportation (2/9)
 E - a wand of heal wounds (2/9)
 I - a wand of lightning (7/15)
 K - a wand of confusion (45/48)
 U - a wand of lightning (4/15)
 Y - a wand of digging (17/24)
Scrolls
 c - a scroll of amnesia
 e - 10 scrolls of enchant armour
 i - 13 scrolls of identify
 q - 5 scrolls of recharging
 x - 9 scrolls of magic mapping
 H - 10 scrolls of remove curse
 L - a scroll of enchant weapon
 M - 4 scrolls of acquirement
 Q - 5 scrolls of fog
Potions
 d - 3 potions of might
 h - 20 potions of curing
 j - 4 potions of flight
 l - a potion of cancellation
 r - 4 potions of agility
 s - a potion of heal wounds
 v - 2 potions of berserk rage
 B - a potion of cure mutation
 C - 3 potions of resistance
 O - 2 potions of invisibility
 W - 3 potions of haste
Books
 D - a book of Changes

   Spells                             Type                      Level
   a - Beastly Appendage              Transmutation                1
   b - Sticks to Snakes               Transmutation                2
   c - Spider Form                    Transmutation/Poison         3
   d - Ice Form                       Ice/Transmutation            4
   e - Blade Hands                    Transmutation                5
Miscellaneous
 S - a fan of gales
 V - a phial of floods (inert)
Comestibles
 f - 24 bread rations
 g - 7 slices of pizza
 n - 25 fruits
 o - 4 meat rations
 w - 2 beef jerkies


   Skills:
 + Level 18.7 Fighting
 + Level 19.2 Maces & Flails
 + Level 17.8 Armour
 + Level 3.7 Dodging
 + Level 23.4 Shields
 - Level 9.0 Invocations
 + Level 9.0 Evocations


You had 19 spell levels left.
You didn't know any spells.

Dungeon Overview and Level Annotations

Branches:
Dungeon (15/15)            Temple (0/1) D:4            Lair (6/6) D:10
 Shoals (4/4) Lair:2        Snake (4/4) Lair:4        Slime (0/5) Lair:6
    Orc (2/2) D:9             Elf (3/3) Orc:2        Vaults (0/5) D:13
 Depths (0/5) D:15

Altars:
Ashenzari
Dithmenos
Fedhas
Gozag
Hepliaklqana
Makhleb
Nemelex Xobeh
Okawaru
Trog
Uskayaw
Vehumet
Xom
Zin
Beogh
Jiyva

Shops:
D:9 ?*   Orc:2 [*}*   Elf:1 *!!

Annotations:
D:6 Pikel, Prince Ribbit


Innate Abilities, Weirdness & Mutations

You reflexively headbutt those who attack you in melee.
You have a pair of horns on your head.
Potions and wands are less effective at restoring your health.
[You often lose your temper in combat.]
[Armour fits poorly on your strangely shaped body.]
[You sometimes yell uncontrollably at your foes.]
[You are very weak. (Str -4)]


Message History

The raiju blinks!
Your system partially rejects the healing.
You feel much better.
The raiju bursts into living lightning!
The living lightning hits you!
* * * LOW HITPOINT WARNING * * *
The raiju blinks!
You block the raiju's attack.
Evoke which item? (* to show all) (? for menu, Esc to quit)
Zapping:
b - a wand of teleportation (3/9)
Press: ? - help, Shift-Dir - straight line, f - you You feel strangely unstable.
You feel the power of the Abyss delaying your translocation!
This wand has 2 charges left.
The raiju bursts into living lightning!
The living lightning hits you!
* * * LOW HITPOINT WARNING * * *
The raiju blinks!
The raiju bursts into living lightning!
The living lightning misses you. The living lightning hits you!
You die...

. .. .. ..##
....... .. . . #
.........# .. ##
..h.... .. .
....... ....#
#.#.... # .. #
#.....######......
# #...hh........
.. #...@# ##.... .
# ##...'...#... ..
##..#.#.'......
#..### #.......
#...... ...## #
#... .. . # ..ยง..
..... #..... ....
#.. ... ..##


You could see 3 raiju.

Vanquished Creatures
  Ilsuiw (Shoals:4)
  10 nagarajas
  Aizul (Snake:2)
  3 deep elf sorcerers
  2 deep elf elementalists (Elf:3)
  3 deep elf demonologists (Elf:3)
  A deep elf annihilator (Elf:3)
  A dire elephant (D:15)
  3 deep elf death magi (Elf:3)
  8 merfolk javelineers
  The ghost of WimpyRanger the Cleaver, a journeyman FoTm of Qazlal (Lair:3)
  A fire dragon (Lair:6)
  7 merfolk impalers
  4 merfolk avatars
  18 naga warriors
  7 hydras
  2 catoblepae
  5 merfolk aquamancers (Shoals:4)
  5 centaur warriors
  A satyr (Shoals:3)
  2 alligator snapping turtles
  23 anacondas
  An ogre mage (D:15)
  37 dancing weapons
  6 death yaks (Lair:5)
  7 orc high priests
  Urug (Lair:2)
  8 shock serpents
  3 tengu warriors
  20 deep elf knights
  14 naga sharpshooters
  2 wretched stars
  A shadow wraith (D:13)
  9 sea snakes
  9 salamander mystics
  3 skeletal warriors (D:13)
  8 naga ritualists
  12 deep elf archers
  2 large abominations (Abyss:5)
  2 unseen horrors
  18 harpies
  7 hill giants
  6 lindwurms
  8 orc knights (Orc:2)
  20 mana vipers
  An oklob plant (Lair:4)
  50 deep elf magi
  2 orc sorcerers
  14 salamanders
  3 wolf spiders
  17 fauns
  8 cyclopes
  3 elephants (Lair:3)
  14 manticores
  A worldbinder (Abyss:3)
  7 ugly things
  2 centaur zombies
  14 sirens
  12 guardian serpents
  54 black mambas
  4 water nymphs
  2 gargoyles
  A smoke demon (Abyss:5)
  25 naga magi
  17 spiny frogs
  3 rime drakes
  An efreet (D:13)
  5 komodo dragons
  4 red devils (Elf:2)
  2 ancient zymes (Abyss:5)
  25 merfolk
  2 tengu conjurers (D:14)
  7 trolls
  9 wind drakes
  7 hornets
  3 two-headed ogres
  5 polar bears
  A two-headed ogre (shapeshifter) (Elf:2)
  16 dream sheep
  12 slime creatures
  12 snapping turtles
  14 hippogriffs
  A raiju (shapeshifter) (Elf:1)
  20 blink frogs
  A harpy skeleton (D:15)
  A raiju (Abyss:5)
  5 flying skulls (Abyss:4)
  10 water elementals
  A small abomination (Abyss:3)
  4 shadows
  3 wyverns (Lair:6)
  44 yaks
  3 hungry ghosts
  A yak (shapeshifter) (D:13)
  2 vampires
  2 neqoxecs
  9 basilisks
  4 vampire mosquitoes (D:15)
  2 steam dragons
  46 nagas
  2 mottled dragons (Lair:6)
  9 wargs
  25 water moccasins
  2 hell hounds (D:10)
  9 porcupines
  2 swamp drakes (Lair:6)
  A hornet zombie (D:9)
  45 orc warriors
  5 sky beasts
  11 ice beasts
  A slave (D:7)
  2 black bears (D:9)
  4 phantoms
  27 wolves
  11 ogres
  7 centaurs
  13 crocodiles
  Blork the orc (D:6)
  A big kobold (D:8)
  13 bullfrogs
  An earth elemental (Elf:2)
  A water moccasin zombie (D:8)
  4 scorpions
  15 killer bees
  10 wights
  4 electric eels
  5 howler monkeys
  9 crimson imps
  6 jellies
  5 centaur skeletons
  36 orc priests
  2 bullfrog skeletons (D:4)
  8 hounds
  22 orc wizards
  10 two-headed ogre zombies (Orc:1)
  Jessica (D:3)
  5 iguanas
  Terence (D:3)
  6 hell rats (Lair:2)
  10 worker ants
  2 killer bee zombies
  A centaur simulacrum (D:10)
  2 hound skeletons
  A killer bee simulacrum (D:10)
  2 worker ant zombies
  21 adders
  3 gnolls (D:4)
  A river rat (Lair:6)
  2 shadow imps
  9 white imps
  2 ufetubi (D:10)
  An ooze (D:1)
  4 worms
  A dart slug (D:3)
  5 leopard geckos
  149 orcs
  6 giant cockroaches
  4 goblins
  8 hobgoblins
  15 jackals
  15 kobolds
  7 quokkas
  6 bats
  3 frilled lizards (D:2)
  A quokka skeleton (D:8)
  10 rats
  A fungus (Lair:4)
  A lurking horror (Abyss:5)
  A plant (Lair:4)
1487 creatures vanquished.

Vanquished Creatures (collateral kills)
  Mara (Snake:3)
  Saint Roka (Snake:3)
  3 nagas (Snake:3)
  3 orcs (Snake:3)
8 creatures vanquished.

Vanquished Creatures (others)
  A deep elf mage (Elf:1)
  A naga (Snake:2)
  An orc (Orc:2)
  17 fungi
  20 plants
  A starspawn tentacle (Abyss:5)
41 creatures vanquished.

Grand Total: 1536 creatures vanquished

Notes
Turn   | Place    | Note
-------+----------+-------------------------------------------
     0 | D:1      | CountDeLaPain the Minotaur Fighter began the quest for the Orb.
     0 | D:1      | Reached XP level 1. HP: 19/19 MP: 0/0
   429 | D:1      | Reached XP level 2. HP: 21/27 MP: 1/1
  1076 | D:1      | Reached skill level 4 in Shields
  1476 | D:1      | Reached XP level 3. HP: 33/33 MP: 2/2
  2505 | D:2      | Found a bloodstained altar of Trog.
  2561 | D:3      | Reached XP level 4. HP: 39/40 MP: 3/3
  2710 | D:3      | Noticed Terence
  2729 | D:3      | Killed Terence
  2741 | D:3      | Found a burning altar of Makhleb.
  2741 | D:3      | Noticed a balrug
  2750 | D:3      | Noticed a ynoxinul
  2750 | D:3      | Noticed a neqoxec
  2886 | D:3      | Found a hazy altar of Hepliaklqana.
  2923 | D:3      | Found a sparkling altar of Nemelex Xobeh.
  2928 | D:3      | Found an opulent altar of Gozag.
  2933 | D:3      | Found a shattered altar of Ashenzari.
  2934 | D:3      | Found a hide-covered altar of Uskayaw.
  2935 | D:3      | Found an iron altar of Okawaru.
  2936 | D:3      | Found a burning altar of Makhleb.
  2941 | D:3      | Became a worshipper of Warmaster Okawaru
  3018 | D:3      | Reached skill level 5 in Armour
  3018 | D:3      | Reached XP level 5. HP: 31/46 MP: 4/4
  3214 | D:3      | Noticed Jessica
  3220 | D:3      | Killed Jessica
  3701 | D:4      | Found a staircase to the Ecumenical Temple.
  3763 | D:4      | Reached skill level 5 in Shields
  3995 | D:4      | Reached XP level 6. HP: 36/53 MP: 5/5
  4216 | D:4      | Reached skill level 5 in Maces & Flails
  4308 | D:4      | Reached * piety under Okawaru
  4314 | D:4      | Reached skill level 1 in Dodging
  4704 | D:5      | Entered Level 5 of the Dungeon
  4776 | D:5      | Noticed an ice beast
  4788 | D:5      | Killed an ice beast
  4788 | D:5      | Reached skill level 1 in Invocations
  4788 | D:5      | Reached XP level 7. HP: 48/60 MP: 6/6
  5199 | D:5      | Reached skill level 5 in Fighting
  5586 | D:6      | Found a radiant altar of Vehumet.
  5591 | D:6      | Noticed Prince Ribbit
  5630 | D:6      | Reached ** piety under Okawaru
  5867 | D:6      | Noticed Blork the orc
  5878 | D:6      | Killed Blork the orc
  5904 | D:6      | Reached XP level 8. HP: 47/69 MP: 8/8
  6146 | D:6      | Reached skill level 6 in Shields
  6201 | D:6      | Noticed Pikel
  6302 | D:7      | Found a shadowy altar of Dithmenos.
  7333 | D:8      | Reached *** piety under Okawaru
  7472 | D:8      | Reached skill level 7 in Shields
  7894 | D:9      | Found a blossoming altar of Fedhas.
  7899 | D:9      | Reached XP level 9. HP: 74/75 MP: 11/11
  8167 | D:9      | Found a staircase to the Orcish Mines.
  8402 | D:9      | Found Zin's Purification Station.
  8404 | D:9      | Found a glowing silver altar of Zin.
  8485 | D:9      | Reached **** piety under Okawaru
  8657 | D:9      | Reached skill level 5 in Invocations
  8669 | D:9      | Reached skill level 8 in Shields
  8803 | D:9      | Found Iqoagy's Magic Scroll Emporium.
  8843 | D:9      | Reached XP level 10. HP: 58/86 MP: 13/13
  9363 | D:10     | Entered Level 10 of the Dungeon
  9403 | D:10     | Reached skill level 10 in Maces & Flails
  9847 | D:10     | Reached ***** piety under Okawaru
 10150 | D:10     | Noticed a hill giant
 10160 | D:10     | Killed a hill giant
 10160 | D:10     | Reached skill level 9 in Shields
 10203 | D:10     | Found a staircase to the Lair.
 10474 | D:10     | Noticed a gargoyle
 10708 | D:10     | Killed a gargoyle
 10980 | Lair:1   | Entered Level 1 of the Lair of Beasts
 11073 | Lair:1   | Noticed a spiny frog
 11082 | Lair:1   | Killed a spiny frog
 11122 | Lair:1   | Reached XP level 11. HP: 95/95 MP: 15/15
 11252 | Lair:1   | Received a gift from Okawaru
 11291 | Lair:1   | Reached skill level 10 in Shields
 12181 | Lair:2   | Found a staircase to the Shoals.
 12676 | Lair:2   | Noticed Urug
 12712 | Lair:2   | Killed Urug
 12920 | Lair:2   | Reached skill level 10 in Armour
 13751 | Lair:2   | Received a gift from Okawaru
 13757 | Lair:2   | Reached skill level 11 in Shields
 14099 | Lair:3   | Reached XP level 12. HP: 105/106 MP: 17/17
 14268 | Lair:3   | Noticed WimpyRanger's ghost (journeyman FoTm)
 14315 | Lair:3   | Killed WimpyRanger's ghost
 14568 | Lair:3   | Received a gift from Okawaru
 14568 | Lair:3   | Reached skill level 10 in Fighting
 14584 | Lair:3   | Got a spiked chain mail {god gift}
 14595 | Lair:3   | Identified the +0 chain mail "Ziejokh" {Str+2} (Okawaru gifted it to you on level 3 of the Lair of Beasts)
 14948 | Lair:4   | Noticed a four-headed hydra
 14956 | Lair:4   | Killed a four-headed hydra
 14956 | Lair:4   | Reached skill level 12 in Shields
 15430 | Lair:4   | Noticed a seven-headed hydra
 15441 | Lair:4   | Killed a seven-headed hydra
 15444 | Lair:4   | Reached skill level 1 in Evocations
 15976 | Lair:4   | Found a staircase to the Snake Pit.
 16218 | Lair:5   | Noticed a catoblepas
 16244 | Lair:5   | Killed a catoblepas
 16380 | Lair:5   | Reached skill level 13 in Shields
 16474 | Lair:5   | Noticed a death yak
 16475 | Lair:5   | Noticed a death yak
 16477 | Lair:5   | Noticed a death yak
 16481 | Lair:5   | Noticed a death yak
 16490 | Lair:5   | Noticed a death yak
 16491 | Lair:5   | Noticed a death yak
 16491 | Lair:5   | Killed a death yak
 16491 | Lair:5   | Received a gift from Okawaru
 16491 | Lair:5   | Reached XP level 13. HP: 102/114 MP: 15/18
 17259 | Lair:6   | Entered Level 6 of the Lair of Beasts
 17259 | Lair:6   | Found a staircase to the Slime Pits.
 17259 | Lair:6   | Found a viscous altar of Jiyva.
 17368 | Lair:6   | Received a gift from Okawaru
 17378 | Lair:6   | Got a distressingly furry cloak {god gift}
 17379 | Lair:6   | Identified the -1 cloak "Vufuz" {rF++} (Okawaru gifted it to you on level 6 of the Lair of Beasts)
 18445 | Lair:6   | Reached skill level 14 in Shields
 18759 | Lair:6   | Reached skill level 5 in Evocations
 19073 | Lair:6   | Reached ****** piety under Okawaru
 19154 | Lair:6   | Received a gift from Okawaru
 19513 | Lair:6   | Reached XP level 14. HP: 125/125 MP: 17/19
 20271 | Orc:1    | Entered Level 1 of the Orcish Mines
 20358 | Orc:1    | Found a roughly hewn altar of Beogh.
 21079 | Orc:2    | Entered Level 2 of the Orcish Mines
 21144 | Orc:2    | Found a staircase to the Elven Halls.
 22666 | Orc:2    | Reached skill level 15 in Shields
 22919 | Orc:2    | Received a gift from Okawaru
 23377 | Orc:2    | Found Few Paus's Gadget Emporium.
 23380 | Orc:2    | Found Ublosomujyt's Antique Armour Emporium.
 23383 | Orc:2    | Found Qusu's Assorted Antiques.
 23384 | Orc:2    | Found Fem Jat's General Store.
 23412 | Orc:2    | Bought a wand of heal wounds (4/9) for 576 gold pieces
 23536 | Orc:2    | Bought a bone ring for 170 gold pieces
 23893 | Shoals:1 | Entered Level 1 of the Shoals
 23956 | Shoals:1 | Found a shimmering altar of Xom.
 24003 | Shoals:1 | Received a gift from Okawaru
 24953 | Shoals:1 | Found a shimmering altar of Xom.
 25233 | Shoals:1 | Reached XP level 15. HP: 134/134 MP: 20/20
 25330 | Shoals:2 | Reached skill level 16 in Shields
 25511 | Shoals:2 | Reached skill level 15 in Maces & Flails
 26517 | D:11     | Gained mutation: You are agile. (Dex +2) [potion of beneficial mutation]
 26886 | Snake:1  | Entered Level 1 of the Snake Pit
 26907 | Lair:4   | Received a gift from Okawaru
 29345 | Shoals:2 | Received a gift from Okawaru
 29823 | Shoals:3 | Reached skill level 17 in Shields
 30795 | Shoals:3 | Received a gift from Okawaru
 31055 | Shoals:3 | Upgraded the game from 0.19.0-9-gfd783f2 to 0.19.0-11-g3fc08b3
 31182 | Shoals:3 | Found Hoogh's Distillery.
 31459 | Shoals:4 | Entered Level 4 of the Shoals
 31467 | Shoals:4 | Noticed Ilsuiw
 31805 | Shoals:4 | Reached XP level 16. HP: 101/146 MP: 14/21
 32743 | Shoals:4 | Reached skill level 18 in Shields
 32976 | Shoals:4 | Killed Ilsuiw
 34107 | Shoals:4 | Received a gift from Okawaru
 34882 | Shoals:4 | Got a barnacled rune of Zot
 35674 | Shoals:4 | Reached skill level 15 in Fighting
 35795 | Shoals:3 | Received a gift from Okawaru
 35795 | Shoals:3 | Reached skill level 15 in Armour
 35827 | Shoals:3 | Identified 3 scrolls of acquirement
 36907 | Snake:1  | Found a shimmering altar of Xom.
 37983 | Snake:2  | Reached XP level 17. HP: 73/156 MP: 6/22
 38057 | Snake:2  | Reached skill level 19 in Shields
 38796 | Snake:2  | Noticed Aizul
 38828 | Snake:2  | Killed Aizul
 39196 | Snake:2  | Received a gift from Okawaru
 39703 | Snake:3  | Received a gift from Okawaru
 40285 | Snake:3  | Noticed Mara
 40304 | Snake:3  | Noticed CountDeLaPain's illusion
 41045 | D:11     | Received a gift from Okawaru
 41431 | D:13     | Identified a -2 rod of shadows (2/11) (You took it off an orc warrior on level 13 of the Dungeon)
 41569 | D:13     | Identified a +0 rod of ignition (9/9) (You found it on level 13 of the Dungeon)
 41609 | D:13     | Found a gate to the Vaults.
 41845 | D:13     | Got a fine platinum amulet
 41846 | D:13     | Identified the amulet of the Bouncing Lives {+Rage rPois Dex+4} (You acquired it on level 13 of the Dungeon)
 42604 | Snake:3  | Noticed Saint Roka
 42630 | Snake:3  | Killed Saint Roka
 42630 | Snake:3  | Received a gift from Okawaru
 43084 | Snake:3  | Killed Mara
 43431 | Snake:3  | Reached skill level 20 in Shields
 43661 | Snake:4  | Entered Level 4 of the Snake Pit
 44007 | Snake:4  | Reached XP level 18. HP: 137/168 MP: 21/23
 44744 | Snake:4  | Received a gift from Okawaru
 46118 | Snake:4  | Received a gift from Okawaru
 47128 | Snake:4  | Reached skill level 21 in Shields
 47843 | Snake:4  | Received a gift from Okawaru
 48189 | Snake:4  | Got a serpentine rune of Zot
 49174 | D:14     | You fall through a shaft!
 49174 | D:15     | Entered Level 15 of the Dungeon
 49308 | D:15     | Received a gift from Okawaru
 49325 | D:15     | Reached XP level 19. HP: 165/177 MP: 24/24
 49390 | D:15     | Found a staircase to the Depths.
 50198 | D:14     | Found a shattered altar of Ashenzari.
 50659 | Elf:1    | Entered Level 1 of the Elven Halls
 50932 | Elf:1    | Found Laicibats's Distillery.
 51090 | Elf:1    | Reached skill level 22 in Shields
 51441 | Elf:1    | Found Dazoyf's Distillery.
 51467 | Elf:1    | Found Yxipnut's Assorted Antiques.
 52522 | Elf:2    | Found a runed gate.
 52522 | Elf:2    | Found a runed gate.
 52531 | Elf:2    | Found a runed gate.
 52537 | Elf:2    | Received a gift from Okawaru
 55472 | Elf:2    | Reached XP level 20. HP: 187/189 MP: 25/25
 55499 | Elf:2    | Received a gift from Okawaru
 55499 | Elf:2    | Reached skill level 23 in Shields
 55853 | Elf:3    | Entered Level 3 of the Elven Halls
 56696 | Elf:3    | Cast into level 3 of the Abyss (a deep elf demonologist)
 56850 | Abyss:4  | Received a gift from Okawaru
 56859 | Abyss:4  | Lost mutation: You are agile. (Dex +2) [a neqoxec]
 56866 | Abyss:4  | Gained mutation: Potions and wands are less effective at restoring your health. [a neqoxec]
 56901 | Abyss:5  | Entered Level 5 of the Abyss
 57119 | Abyss:5  | HP: 1/189 [raiju/living lightning (20)]
 57119 | Abyss:5  | Killed from afar by a raiju

Skill      XL: |  1  2  3  4  5  6  7  8  9 10 11 12 13 14 15 16 17 18 19 20 |
---------------+-------------------------------------------------------------+-----
Armour         | 4 5 6 7 8 9 10 11 12 13 14 15 16 17 | 17.8
Shields        | 4 5 7 8 9 11 13 14 15 17 18 20 21 22 23 | 23.4
Fighting       | 4 5 6 7 8 9 10 11 12 14 15 16 17 18 | 18.7
Maces & Flails | 3 4 5 6 8 9 11 12 13 14 15 16 17 18 19 | 19.2
Dodging        | 1 2 3 |  3.7
Invocations    | 1 2 4 5 7 8 9 |  9.0
Evocations     | 2 5 7 8 9 |  9.0

Action                   |  1- 3 |  4- 6 |  7- 9 | 10-12 | 13-15 | 16-18 | 19-21 || total
-------------------------+-------+-------+-------+-------+-------+-------+-------++-------
Melee: Flail             |   127 |   178 |   539 |       |       |       |       ||   844
       Headbutt          |    14 |    33 |   106 |   154 |   353 |   583 |   289 ||  1532
       Morningstar       |       |       |    30 |   321 |       |       |       ||   351
       Demon whip        |       |       |       |   477 |  1801 |  2215 |  1112 ||  5605
Invok: Heroism           |       |       |    10 |    21 |    41 |    35 |     5 ||   112
       Finesse           |       |       |       |     2 |     1 |     2 |       ||     5
 Abil: Stop Flying       |       |       |       |       |       |     1 |       ||     1
       Evoke Flight      |       |       |       |       |       |     1 |       ||     1
       Evoke Berserk Rag |       |       |       |       |       |     2 |       ||     2
Evoke: Lamp of fire      |       |       |       |       |     4 |     1 |       ||     5
       Wand              |       |       |       |       |     8 |     8 |     4 ||    20
       Phial of floods   |       |       |       |       |       |     1 |     2 ||     3
       Box of beasts     |       |       |       |       |       |     1 |       ||     1
  Use: Scroll            |     2 |     3 |     1 |    11 |    18 |     6 |     4 ||    45
       Potion            |       |       |     1 |     3 |     1 |     1 |     6 ||    12
 Stab: Distracted        |       |       |       |       |       |     1 |       ||     1
  Eat: Chunk             |     5 |     7 |    14 |    22 |    38 |    32 |    14 ||   132
       Fruit             |       |       |       |     2 |     1 |     4 |       ||     7
       Beef jerky        |       |       |       |     1 |     4 |     6 |       ||    11
       Meat ration       |       |       |       |       |     1 |     2 |     2 ||     5
       Bread ration      |       |       |       |       |       |     1 |     1 ||     2
       Pizza             |       |       |       |       |       |       |     1 ||     1
Armor: Scale mail        |    18 |       |       |       |       |       |       ||    18
       Chain mail        |    52 |    97 |    92 |       |       |       |       ||   241
       Plate armour      |       |       |   160 |   310 |   227 |       |       ||   697
       Crystal plate arm |       |       |       |       |   434 |   743 |   271 ||  1448
Dodge: Dodged            |    30 |    27 |    96 |   327 |   468 |   339 |    92 ||  1379
Block: Shield            |    75 |   104 |   314 |   514 |  1203 |  1304 |       ||  3514
       Large shield      |       |       |       |       |       |   306 |   888 ||  1194
